Map: Jagannatha

Players

soul

  • Race: Terran Terran
  • Spawn Location: 1:00

Zoun - Winner!

  • Race: Protoss Protoss
  • Spawn Location: 7:00

Event: StayAtHome Story Cup #3

VOD

Have the link to the VOD?

Description

Time

  • Played on: March 13, 2021, 12:27 p.m.
  • Length: 6:34

All games in this series

Show
View Real Time Build Order
Export as new Build Order

soul Terran 

Build Orders:  

Get SALT Encoding   

  12  0:00  SCV  
  13  0:12  SCV  
  14  0:19  Supply Depot  
  14  0:26  SCV  
  15  0:41  SCV  
  15  0:42  Barracks  
  16  0:45  Refinery  
  16  0:53  SCV  
  17  1:05  SCV  
  18  1:17  SCV  
  19  1:30  Orbital Command, Marine  
  20  1:43  Command Center  
  20  1:54  Factory  
  20  1:58  SCV  
  21  2:04  Barracks Reactor  
  21  2:09  Supply Depot  
  21  2:11  SCV  
  22  2:16  Refinery  
  22  2:23  SCV  
  23  2:35  SCV  
  24  2:43  Starport  
  24  2:45  Hellion  
  24  2:47  Hellion  
  24  2:49  SCV  
  29  2:58  Orbital Command  
  28  3:01  SCV  
  29  3:07  Widow Mine  
  29  3:10  Widow Mine  
  29  3:12  Marine  
  34  3:15  SCV  
  35  3:22  Medivac  
  35  3:24  SCV  
  38  3:28  Widow Mine  
  38  3:31  Widow Mine  
  38  3:33  Supply Depot  
  42  3:39  SCV x2  
  44  3:43  Supply Depot  
  44  3:50  Hellion  
  44  3:55  SCV  
  47  3:56  Hellion  
  47  3:58  SCV  
  47  4:02  Starport Tech Lab  
  50  4:07  SCV  
  50  4:09  Bunker  
  51  4:10  SCV  
  52  4:19  SCV  
  52  4:20  Marine x2  
  52  4:22  SCV  
  56  4:27  Factory Tech Lab  
  56  4:31  SCV  
  56  4:34  SCV  
  56  4:38  Marine x2  
  52  4:43  SCV  
  53  4:46  Banshee, SCV, Siege Tank  
  53  4:48  Bunker  
  58  4:55  SCV  
  58  4:56  Marine x2  
  58  4:58  Barracks  
  58  4:59  Barracks  
  61  5:00  SCV, Supply Depot  
  62  5:08  SCV  
  62  5:10  Engineering Bay, Supply Depot  
  62  5:12  SCV  
  62  5:17  Bunker  
  62  5:22  Marine x2, Siege Tank  
  62  5:23  SCV  
  64  5:30  Supply Depot x2  
  63  5:41  Barracks  
  63  5:42  Raven  
  65  5:43  Barracks  
  65  5:47  Barracks Tech Lab  
  65  5:48  Barracks Tech Lab  
  65  5:52  Refinery  
  65  5:54  Refinery  
  65  6:00  Marine  
  65  6:03  Bunker, Marine  
  67  6:09  Marine  
  68  6:13  SCV x2  
Show
View Real Time Build Order
Export as new Build Order

Zoun Protoss - Winner!

Build Orders: 1 Gate Expand, Blink Stalkers 

Get SALT Encoding   

  12  0:00  Probe  
  13  0:12  Probe  
  14  0:17  Pylon  
  14  0:24  Probe (Chrono Boost)  
  15  0:37  Probe (Chrono Boost), Gateway  
  16  0:44  Probe (Chrono Boost)  
  16  0:46  Assimilator  
  17  0:51  Probe  
  18  1:03  Probe  
  19  1:15  Probe  
  20  1:24  Cybernetics Core  
  20  1:32  Nexus  
  20  1:36  Probe  
  21  1:45  Pylon  
  21  1:48  Probe  
  22  1:54  Assimilator  
  22  2:00  Probe  
  23  2:01  Adept (Chrono Boost)  
  25  2:11  Warp Gate  
  25  2:12  Probe  
  26  2:24  Probe, Stalker  
  30  2:37  Probe (Chrono Boost)  
  30  2:38  Twilight Council  
  30  2:45  Probe (Chrono Boost)  
  30  2:49  Probe (Chrono Boost)  
  32  2:55  Probe (Chrono Boost)  
  32  2:56  Probe (Chrono Boost)  
  34  3:00  Probe (Chrono Boost)  
  34  3:03  Probe  
  34  3:05  Robotics Facility  
  36  3:07  Stalker  
  36  3:11  Probe  
  39  3:15  Probe  
  39  3:16  Gateway  
  40  3:23  Probe  
  40  3:25  Blink (Chrono Boost)  
  41  3:27  Probe, Shield Battery  
  42  3:37  Pylon  
  42  3:43  Gateway  
  42  3:45  Gateway  
  42  3:47  Probe  
  43  3:49  Probe  
  44  3:57  Warp Prism  
  46  4:03  Stalker  
  46  4:08  Probe  
  46  4:09  Pylon  
  49  4:10  Probe  
  49  4:14  Stalker  
  52  4:17  Assimilator  
  52  4:20  Probe  
  52  4:22  Probe  
  54  4:28  Stalker  
  55  4:34  Observer  
  52  4:38  Stalker x2  
  56  4:53  Probe x2, Pylon  
  56  4:55  Observer  
  59  5:03  Assimilator  
  59  5:07  Probe, Stalker  
  59  5:11  Stalker x2  
  59  5:12  Observer  
  59  5:13  Pylon, Stalker  
  68  5:15  Probe  
  68  5:20  Probe  
  70  5:31  Probe  
  70  5:35  Stalker x3  
  73  5:38  Nexus  
  73  5:39  Pylon  
  77  5:47  Probe  
  78  6:04  Stalker x4  
  78  6:05  Robotics Bay  
  78  6:08  Shield Battery, Pylon  
  84  6:29  Stalker x2  
  84  6:30  Stalker x2  
Tags
 
Add a new tag
Caveats
  • Supply blocks, unpowered buildings, or Contaminate may cause inaccurate times.
  • Supply counts are checked every 10 seconds.